 Dungeon Crawl Stone Soup version 0.29-a0-676-ga64570c9d2 (webtiles) character file.

Game seed: 5146780098949928964

200 Newt the Skirmisher (level 5, -14/42 HPs)
             Began as a Demonspawn Abyssal Knight on June 24, 2022.
             Was a Priest of Lugonu.
             Demolished by an ogre
             ... wielding a +0 giant spiked club
              (25 damage)
             ... on level 4 of the Dungeon.
             The game lasted 00:07:44 (2908 turns).

Newt the Skirmisher (Demonspawn Abyssal Knight)     Turns: 2908, Time: 00:07:45

Health: -14/42     AC:  8    Str: 15    XL:     5   Next: 48%
Magic:  7/7        EV: 10    Int: 12    God:    Lugonu [***...]
Gold:   87         SH:  4    Dex: 13    Spells: 4/4 levels left

rFire   . . .      SeeInvis .   q - staff of death
rCold   . . .      Faith    .   (no shield)
rNeg    + . .      Spirit   .   g - +0 ring mail
rPois   .          Reflect  .   (helmet restricted)
rElec   .          Harm     .   (no cloak)
rCorr   .          Rampage  .   d - +1 pair of gloves
Will    .....                   p - +0 pair of boots
Stlth   +.........              (no amulet)
HPRegen 0.14/turn               t - +4 ring of slaying
MPRegen 0.10/turn               (no ring)

@: no status effects
A: horns 1, powered by death 1, condensation shield
a: Renounce Religion, Depart the Abyss, Bend Space, Banish


You were on level 4 of the Dungeon.
You worshipped Lugonu.
Lugonu was most pleased with you.
You visited 1 branch of the dungeon, and saw 4 of its levels.
You visited the Abyss 1 time.

You collected 87 gold pieces.

Inventory:

Hand Weapons
 a - a +1 mace
 f - a +0 great mace
Armour
 b - a +0 leather armour
 d - a +1 pair of gloves (worn)
 g - a +0 ring mail (worn)
 p - a +0 pair of boots (worn)
Magical Staves
 q - a staff of death (weapon)
Jewellery
 t - a +4 ring of slaying (left hand)
 v - an amulet of magic regeneration
Scrolls
 i - a scroll of brand weapon {unknown}
 j - a scroll of teleportation
 m - a scroll of identify
 r - a scroll of noise {unknown}
 u - a scroll of poison {unknown}
Potions
 c - a potion of curing {unknown}
 e - 2 potions of brilliance
 h - a potion of degeneration {unknown}
 k - 3 potions of lignification {unknown}
 l - a potion of ambrosia {unknown}
 n - a potion of berserk rage {unknown}
 o - a potion of mutation {unknown}
 s - a potion of flight


   Skills:
 + Level 3.8 Fighting
 - Level 3.1(3.2) Maces & Flails
 * Level 1.1(2.3) Staves
 + Level 2.6 Armour
 - Level 1.2 Dodging
 + Level 0.5 Shields
 * Level 1.0 Necromancy
 - Level 3.2 Invocations
 * Level 0.7 Evocations


You had 4 spell levels left.
You didn't know any spells.
Your spell library contained the following spells:

 Spells                   Type           Power      Damage    Failure   Level
 Sting                    Tmut/Pois      0%         1d3       54%         1
 Blink                    Tloc           0%         N/A       67%         2
 Poisonous Vapours        Pois/Air       0%         N/A       67%         2
 Olgreb's Toxic Radiance  Pois           0%         N/A       99%         4
 Manifold Assault         Tloc           0%         N/A       100%        5
 Storm Form               Tmut/Air       0%         N/A       100%        7


Dungeon Overview and Level Annotations

Branches:
Dungeon (4/15)
 Temple: D:4-7

Altars:

Shops:
D:3 [


Innate Abilities, Weirdness & Mutations

You have a pair of small horns on your head.
You regenerate a little health from kills.
A meltable shield of frost defends you. (SH +4)


Message History

You miss the hound. Your headbutt misses the hound.
The hound closely misses you. x2
Press: ? - help, Shift-Dir - straight line, f - ogre
Aim: an ogre, wielding a +0 giant spiked club (chance to affect: 81%)
Okay, then.
There are monsters nearby!
You miss the hound. The hound closely misses you. The hound barely misses you.
You hit the hound.
The hound is moderately wounded.
The hound bites you. The hound closely misses you.
You hit the hound.
The hound is heavily wounded.
You block the hound's attack.
You closely miss the hound.
The hound is heavily wounded.
You block the hound's attack. The hound bites you but does no damage.
You hit the hound. Your headbutt misses the hound.
The hound is almost dead.
The hound bites you.
You closely miss the hound.
The hound is almost dead.
The hound barely misses you. The hound bites you but does no damage.
You hit the hound.
You kill the hound!
Lugonu accepts your kill.
The ogre hits you with a +0 giant spiked club!!
Ouch! That really hurt!
* * * LOW HITPOINT WARNING * * *
Your base Staves skill increases to level 1!
Your Necromancy skill increases to level 1!
Press: ? - help, Shift-Dir - straight line, f - ogre
Aim: an ogre, wielding a +0 giant spiked club (chance to affect: 81%)
You fail to use your ability.
Press: ? - help, Shift-Dir - straight line, f/p - ogre
Aim: an ogre, wielding a +0 giant spiked club (chance to affect: 81%)
You fail to use your ability.
The ogre hits you with a +0 giant spiked club!!
Ouch! That really hurt!
You die...

#. +. #.. #. #.# .
#..#####.#######..
#.........#.......
#........#.......
+.......@O.......
#........#.......
#........#.......
###.....####+##+#
####'####
#.......#
#.....).#
#.......# .
#.......#


You could see an ogre.

Vanquished Creatures
  2 hounds (D:4)
  4 adders
  An ufetubus (D:4)
  4 worms
  A dart slug (D:1)
  6 orcs
  7 bats
  3 giant cockroaches (D:1)
  3 goblins (D:2)
  6 hobgoblins
  8 jackals
  9 kobolds
  2 quokkas
  11 ball pythons
  7 frilled lizards
  8 rats
82 creatures vanquished.

Notes
Turn   | Place    | Note
-------+----------+-------------------------------------------
     0 | Abyss:1  | Newt the Demonspawn Abyssal Knight began the quest for the
                  | Orb.
     0 | Abyss:1  | Reached XP level 1. HP: 18/18 MP: 2/2
   165 | Abyss:1  | Noticed a fire elemental
   171 | Abyss:2  | Noticed a large abomination
   208 | Abyss:2  | Noticed a will-o-the-wisp
   211 | D:1      | Escaped the Abyss
   493 | D:1      | Gained mutation: You have a pair of small horns on your
                  | head. [demonic ancestry]
   493 | D:1      | Reached XP level 2. HP: 21/24 MP: 3/3
   493 | D:1      | Reached ** piety under Lugonu
  1017 | D:1      | Gained mutation: A meltable shield of frost defends you.
                  | (SH +4) [demonic ancestry]
  1017 | D:1      | Reached XP level 3. HP: 29/29 MP: 5/5
  1022 | D:1      | Reached skill level 1 in Dodging
  1742 | D:2      | Gained mutation: You regenerate a little health from kills.
                  | [demonic ancestry]
  1742 | D:2      | Reached XP level 4. HP: 33/36 MP: 6/6
  1859 | D:2      | Reached *** piety under Lugonu
  1917 | D:2      | Found a faded altar of an unknown god.
  1978 | D:3      | Found Irehi Hext's Antique Armour Emporium.
  2861 | D:4      | Reached XP level 5. HP: 42/42 MP: 7/7
  2894 | D:4      | Noticed an ogre
  2907 | D:4      | Reached skill level 1 in Staves
  2907 | D:4      | Reached skill level 1 in Necromancy
  2908 | D:4      | Demolished by an ogre

Illustrated notes

Levels and vault maps discovered:
D:1:      minmay_arrival_widening_spiral_narrow, layout_loops_ring
D:2:      layout_loops_ring, shapermc_ecumenical_altar_notcrosses
D:3:      layout_rooms, serial_shops, shop
D:4:      layout_gridville

Skill      XL: |  1  2  3  4  5 |
---------------+----------------+-----
Maces & Flails | 2 3 |  3.1
Armour         | 2 |  2.6
Dodging        | 1 |  1.2
Invocations    | 3 |  3.2
Staves         | 1 |  1.1
Necromancy     | 1 |  1.0
Fighting       | |  3.8
Shields        | |  0.5
Evocations     | |  0.7

Action                   |  1- 3 |  4- 6 || total
-------------------------+-------+-------++-------
Melee: Mace              |    54 |       ||    54
       Headbutt          |     9 |    17 ||    26
       Great mace        |    55 |    55 ||   110
       Staff             |       |    83 ||    83
Invok: Depart the Abyss  |     1 |       ||     1
  Use: Scroll            |       |     3 ||     3
Armor: Leather armour    |    15 |       ||    15
       Ring mail         |    34 |    94 ||   128
Dodge: Dodged            |    73 |   108 ||   181
Block: Other             |    12 |    33 ||    45

Table legend: (Time is in decaauts)
 A = Elapsed time spent in this place.
 B = Non-inter-level travel time spent in this place.
 C = Inter-level travel time spent in this place.
 D = Time resting spent in this place.
 E = Time spent auto-exploring this place.
 F = Levels seen in this place.
 G = Mean time per level.
                   A        B        C        D        E       F      G
               +--------+--------+--------+--------+--------+-----+--------+
         Total |   2993 |   2945 |     48 |    347 |   1886 |   6 |  498.8 |
       Dungeon |   2782 |   2734 |     48 |    347 |   1726 |   4 |  695.5 |
         Abyss |    210 |    210 |      0 |      0 |    160 |   2 |  105.0 |
               +--------+--------+--------+--------+--------+-----+--------+

Top non-repeatable levels by time:
     D:1: 975 daAuts
     D:2: 941 daAuts
     D:3: 764 daAuts
 Abyss:1: 171 daAuts
     D:4: 100 daAuts
 Abyss:2: 39 daAuts
